 Dungeon Crawl Stone Soup version 0.31-a0-219-g8d62b2e7bb (webtiles) character file.

Game seed: 15072689389385216205

46 qw the Shooter (level 3, -3/30 HPs)
             Began as a Minotaur Hexslinger on July 3, 2023.
             Killed from afar by an orc wizard (9 damage)
             ... with a puff of flame
             ... on level 4 of the Dungeon.
             The game lasted 00:00:26 (1007 turns).

qw the Shooter (Minotaur Hexslinger)                Turns: 1007, Time: 00:00:27

Health: -3/30      AC:  5    Str: 12    XL:     3   Next: 44%
Magic:  3/3        EV: 11    Int: 10    God:
Gold:   66         SH:  0    Dex: 14    Spells: 3/4 levels left

rFire   . . .        Y - +1 sling
rCold   . . .        (no shield)
rNeg    . . .        d - +0 ring mail
rPois   .            (helmet restricted)
rElec   .            (no cloak)
rCorr   .            (no gloves)
SInv    .            (no boots)
Will    .....        (no amulet) Stlth
                     (no ring)
HPRegen 0.25/turn    (no ring)
MPRegen 0.08/turn

%: no passive effects
@: confused
A: horns 2, retaliatory headbutt
a: no special abilities


You were on level 4 of the Dungeon.
You visited 1 branch of the dungeon, and saw 3 of its levels.

You collected 66 gold pieces.


Innate Abilities, Weirdness & Mutations

You have a pair of horns on your head.
You reflexively headbutt those who attack you in melee.


   Skills:
 - Level 2.4 Fighting
 + Level 3.8 Ranged Weapons
 - Level 2.1 Dodging
 - Level 1.0 Spellcasting
 - Level 2.0 Hexes


You had 3 spell levels left.
You knew the following spells:

 Your Spells              Type           Power      Damage    Failure   Level
a - Slow                  Hex            16%        N/A       34%         1

Your spell library contained the following spells:

 Spells                   Type           Power      Damage    Failure   Level
 Inner Flame              Hex/Fire       2%         N/A       83%         3
 Portal Projectile        Hex/Tloc       4%         N/A       83%         3
 Cause Fear               Hex            2%         N/A       98%         4

Inventory:

Hand Weapons
 Y - a +1 sling (weapon)
Armour
 d - a +0 ring mail (worn)
Scrolls
 b - a scroll of brand weapon {unknown}
Potions
 a - a potion of might {unknown}
 e - a potion of berserk rage {unknown}
 g - a potion of mutation {unknown}

Dungeon Overview and Level Annotations

Branches:
Dungeon (4/15)
 Temple: D:4-7

Altars:

Shops:
D:1 [


Message History

The orc wizard hits you with a +0 dagger.
Something hits you.
The orc wizard points at you and mumbles some strange words.
You are more confused.
Something hits you but does no damage.
The orc wizard gestures at you while chanting.
The magic dart hits you but does no damage.
Something hits you but does no damage. The orc wizard barely misses you.
Something hits you.
The orc wizard hits you but does no damage.
Something hits you but does no damage.
The orc wizard points at you and mumbles some strange words.
You resist with significant effort. Something hits you but does no damage.
The orc wizard points at you and mumbles some strange words.
The magic dart hits you. Something hits you but does no damage.
The orc wizard hits you with a +0 dagger.
Something hits you but does no damage.
The orc wizard points at you and mumbles some strange words.
The magic dart hits you. Something completely misses you.
The orc wizard misses you. Something hits you but does no damage.
The orc wizard gestures at you while chanting.
The puff of flame hits you.
You hear some strange, mumbled words.
A magic dart appears from out of thin air!
The magic dart hits you.
The orc wizard hits you with a +0 dagger.
Something hits you but does no damage.
The orc wizard hits you with a +0 dagger.
Something hits you but does no damage.
The orc wizard casts a spell.
The orc wizard flickers and vanishes!
Something hits you. Something hits you but does no damage.
Something hits you but does no damage.
You hear some strange, mumbled words.
A puff of flame appears from out of thin air!
The puff of flame hits you!
You die...

.. #.. #.#
#.# #.# #.#
##.#####...
#..@{o.....
#..{####...
#####...#
#.......#
#.......#
#.......#
#.......#
#.......#
#.......#


You could see an orc.

Vanquished Creatures
  A gnoll (D:1)
  A dart slug (D:1)
  An orc (D:4)
  7 endoplasms
  A giant cockroach (D:1)
  2 goblins (D:1)
  2 hobgoblins (D:2)
  A quokka (D:1)
  4 ball pythons (D:1)
  A bat (D:2)
  A frilled lizard (D:2)
  6 kobolds
  5 rats
33 creatures vanquished.

Notes
Turn   | Place    | Note
-------+----------+-------------------------------------------
     0 | D:1      | qw the Minotaur Hexslinger began the quest for the Orb.
     0 | D:1      | Reached XP level 1. HP: 16/16 MP: 1/1
     0 | D:1      | 0 ||| qw: Version: 0.3-a-40-ge99b1a8
     0 | D:1      | 0 ||| qw: Game counter: 344
     0 | D:1      | 0 ||| qw: Melee chars always use a shield: true
     0 | D:1      | 0 ||| qw: God list: Okawaru
     0 | D:1      | 0 ||| qw: Allow faded altars: false
     0 | D:1      | 0 ||| qw: Do Orc after clearing Dungeon:15 true
     0 | D:1      | 0 ||| qw: Do second Lair branch before Depths: true
     0 | D:1      | 0 ||| qw: Lair rune preference: random
     0 | D:1      | 0 ||| qw: Goals: Normal
     0 | D:1      | 0 ||| PLANNING D:1-11
   141 | D:1      | Reached skill level 3 in Ranged Weapons
   171 | D:1      | Reached XP level 2. HP: 23/23 MP: 2/2
   307 | D:1      | Found Kixafohipy's Armour Shoppe.
   319 | D:1      | 319 ||| SHOPLISTING +0 cloak "Qenuat" {rC+ Str+3 Slay+3
                  | SInv} (499 gold, have 23).
   438 | D:1      | Reached XP level 3. HP: 28/30 MP: 3/3
   692 | D:1      | 692 ||| UPGRADING to +0 ring mail.
   702 | D:1      | 702 ||| DROPPING +0 robe.
   703 | D:1      | 703 ||| READING scroll labelled WUTWYSS FOOTT.
   704 | D:1      | 704 ||| READING scroll labelled PITOETS PUCIR.
   705 | D:1      | 705 ||| READING scroll labelled PEMNOS NAUCU.
   706 | D:1      | 706 ||| DROPPING scroll of poison.
   964 | D:2      | You fall into a shaft and drop 2 floors!
  1006 | D:4      | HP: 6/30 [something (2)]
  1007 | D:4      | Killed from afar by an orc wizard

Levels and vault maps discovered:
D:1:      minmay_arrival_hallway, layout_loops_ring, serial_shops, shop,
          nicolae_grassy_gnolls
D:2:      layout_loops_corners
D:4:      layout_basic, uniq_grinder

Skill      XL: |  1  2 |
---------------+-------+-----
Ranged Weapons | 3 |  3.8
Fighting       | 2 |  2.4
Dodging        | |  2.1
Spellcasting   | |  1.0
Hexes          | |  2.0

Action                     || total
---------------------------++-------
   Fire: Sling             ||    86
    Use: Scroll            ||     3
 Armour: Robe              ||     1
         Ring mail         ||    23
  Dodge: Dodged            ||    19

Table legend:
 A = Non-vault XP
 B = Vault XP
 C = Vault XP percentage of total XP
 D = Non-vault monster count
 E = Vault monster count
 F = Vault count percentage of total count
                 A         B        C        D         E       F
            +---------+---------+-------+---------+---------+-------
      Total |      52 |      14 |  21.2 |      32 |       1 |   3.0
            +---------+---------+-------+---------+---------+-------
        D:1 |      36 |      14 |  28.0 |      23 |       1 |   4.2
        D:2 |      13 |       0 |   0.0 |       8 |       0 |   0.0
        D:4 |       3 |       0 |   0.0 |       1 |       0 |   0.0
            +---------+---------+-------+---------+---------+-------
